 Dungeon Crawl Stone Soup version 0.25-a0-558-g78a2afb0af (webtiles) character file.

Game seed: 12714829721988676338, levelgen mode: deterministic

5005 Flugslaktarn the Cleaver (level 10, -1/92 HPs)
             Began as a Deep Dwarf Fighter on Feb 24, 2020.
             Was a Believer of Makhleb.
             Slain by an orc
             ... wielding a +0 trident
              (7 damage)
             ... in a bailey.
             The game lasted 00:04:10 (5115 turns).

Flugslaktarn the Cleaver (Deep Dwarf Fighter)       Turns: 5115, Time: 00:04:11

Health: -1/92      AC: 17    Str: 23    XL:     10   Next: 29%
Magic:  8/8        EV:  5    Int: 11    God:    Makhleb [**....]
Gold:   397        SH: 11    Dex: 12    Spells: 9/9 levels left

rFire    . . .     SeeInvis .   j - +1 broad axe
rCold    . . .     Gourm    .   c - +0 kite shield
rNeg     . . .     Faith    .   f - +0 plate armour
rPois    .         Spirit   .   t - +0 helmet
rElec    .         Reflect  .   I - scarf {repulsion}
rCorr    .         Harm     .   G - +0 pair of gloves
MR       +....     Clarity  +   B - +0 pair of boots
Stlth    ..........             (no amulet)
HPRegen  0.00/turn              (no ring)
MPRegen  0.11/turn              (no ring)

@: mighty, non-regenerating, repel missiles
A: damage resistance, heal wounds, clarity, clever 1, sense surroundings 2, no
regeneration
a: Heal Wounds, Minor Destruction, Renounce Religion


You were in a bailey.
You worshipped Makhleb.
Makhleb was pleased with you.
You were not hungry.

You visited 2 branches of the dungeon, and saw 10 of its levels.
You also visited: Ossuary and Bailey.

You collected 397 gold pieces.

Inventory:

Hand Weapons
 a - a +0 war axe
 j - a +1 broad axe (weapon)
   (You found it on level 5 of the Dungeon)
 F - a +4 hand axe
   (You took it off a wight on level 6 of the Dungeon)
Missiles
 i - 6 throwing nets (quivered)
Armour
 c - a +0 kite shield (worn)
 f - a +0 plate armour (worn)
   (You found it on level 3 of the Dungeon)
 t - a +0 helmet (worn)
   (You took it off Robin on level 4 of the Dungeon)
 u - a +0 cloak
   (You found it on level 4 of the Dungeon)
 B - a +0 pair of boots (worn)
   (You found it on level 6 of the Dungeon)
 G - a +0 pair of gloves (worn)
   (You found it on level 7 of the Dungeon)
 I - a scarf of repulsion (worn)
   (You found it on level 8 of the Dungeon)
Wands
 D - a wand of iceblast (8)
   (You found it on level 8 of the Dungeon)
Scrolls
 b - 2 scrolls of magic mapping
 l - 4 scrolls of remove curse
 m - a scroll of enchant weapon
 r - 2 scrolls of identify
 v - a scroll of enchant armour {unknown}
 y - 2 scrolls of fear {unknown}
 z - a scroll of blinking
 C - a scroll of brand weapon {unknown}
 E - 2 scrolls of immolation {unknown}
 H - 2 scrolls of teleportation {unknown}
 K - 2 scrolls of vulnerability {unknown}
Potions
 d - 3 potions of might
 h - 2 potions of haste
 k - 2 potions of magic
 n - 3 potions of lignification
 o - 2 potions of stabbing
 p - 2 potions of flight
 q - 3 potions of curing
 s - 2 potions of resistance {unknown}
 w - 8 potions of heal wounds
 x - 2 potions of berserk rage {unknown}
 A - a potion of cancellation {unknown}
 L - a potion of experience {unknown}
Comestibles
 e - 19 rations
 J - 23 chunks of flesh


   Skills:
 + Level 6.6 Fighting
 * Level 10.4 Axes
 + Level 8.0 Armour
 + Level 7.9 Shields
 + Level 4.6 Invocations


You had 9 spell levels left.
You didn't know any spells.
Your spell library was empty.

Dungeon Overview and Level Annotations

Branches:
Dungeon (9/15)             Temple (1/1) D:5            Lair (0/6) D:9
    Orc (0/2) D:9         Ossuary (visited)          Bailey (1/1)

Altars:
Ashenzari
Cheibriados
Dithmenos
Elyvilon
Fedhas
Gozag
Hepliaklqana
Kikubaaqudgha
Makhleb
Nemelex Xobeh
Okawaru
Qazlal
Ru
Sif Muna
Trog
Uskayaw
Vehumet
Wu Jian
Xom
Yredelemnul
Zin
The Shining One


Innate Abilities, Weirdness & Mutations

You are resistant to damage.
You can heal yourself by infusing magical energy.
You passively map the area around you.
You do not regenerate.
You possess an exceptional clarity of mind.
Your mind is acute. (Int +2)


Message History

The orc hits you from afar with a +0 trident.
The orc knight hits you from afar with a +0 halberd!!
You block the orc's attack.
The orc hits you from afar with a +0 trident.
The orc closely misses you.
The orc warrior hits you with a +0 spear!
* * * LOW HITPOINT WARNING * * *
You are too injured to fight recklessly!
You are too injured to fight recklessly!
You are too injured to fight recklessly!
You fail to use your ability.
The orc knight hits you from afar with a +0 halberd.
* * * LOW HITPOINT WARNING * * *
You block the orc warrior's attack. x2
The orc warrior hits you but does no damage.
The orc hits you but does no damage. x2
The orc warrior hits you from afar with a +0 glaive!
* * * LOW HITPOINT WARNING * * *
The orc hits you from afar with a +0 trident!
You die... *, , #+++++# ##.....## #.......# #.......# #...o...# #.oooo..# #oo.ooo.#

#oo@..#
##'''##
#.....#
#.....#
#.....#
#.....#
#.....#
##'''##
##.....##


You could see 2 orc knights, 4 orc warriors and 6 orcs.

Vanquished Creatures
  Maggie (D:6)
  A komodo dragon (D:9)
  Sigmund (D:6)
  A wraith (Ossuary)
  A hungry ghost (D:7)
  Edmund (D:6)
  A water moccasin (D:9)
  4 orc warriors
  2 ice beasts
  6 sky beasts
  A phantom (D:5)
  A hornet zombie (D:8)
  A centaur (D:7)
  8 ogres
  A crocodile (D:8)
  5 bullfrogs
  A water moccasin skeleton (D:5)
  3 wights (D:6)
  A quasit (D:7)
  4 crimson imps
  5 orc priests
  3 hounds
  A centaur skeleton (D:4)
  8 orc wizards
  An iguana (D:7)
  7 worker ants
  2 hound zombies
  A mummy (Ossuary)
  Robin (D:4)
  7 adders
  10 gnolls
  A shadow imp (D:8)
  2 oozes
  An adder skeleton (D:5)
  3 worms
  4 leopard geckos
  48 orcs
  A ball python (D:5)
  3 giant cockroaches
  11 goblins
  3 hobgoblins (D:4)
  16 jackals
  4 quokkas
  2 bats (D:1)
  2 frilled lizards
  8 gnoll skeletons (Ossuary)
  A jackal skeleton (D:5)
  4 kobold skeletons (Ossuary)
  13 orc skeletons (Ossuary)
  A quokka skeleton (D:4)
219 creatures vanquished.

Vanquished Creatures (others)
  A plant (D:9)
1 creature vanquished.

Grand Total: 220 creatures vanquished

Notes
Turn   | Place    | Note
-------+----------+-------------------------------------------
     0 | D:1      | Flugslaktarn the Deep Dwarf Fighter began the quest for the
                  | Orb.
     0 | D:1      | Reached XP level 1. HP: 20/20 MP: 1/1
    36 | D:1      | Reached XP level 2. HP: 27/27 MP: 2/2
   127 | D:3      | Found a shattered altar of Ashenzari.
   348 | D:4      | Reached skill level 3 in Axes
   352 | D:4      | Reached XP level 3. HP: 24/33 MP: 3/3
   462 | D:4      | Reached XP level 4. HP: 42/42 MP: 4/4
   472 | D:4      | Found a sand-covered staircase.
   518 | Ossuary  | Entered an ossuary
   518 | Ossuary  | Noticed a wraith
   518 | Ossuary  | Noticed a wraith
   518 | Ossuary  | Noticed a wraith
   561 | Ossuary  | Noticed a wraith
   595 | Ossuary  | Killed a wraith
   595 | Ossuary  | Reached skill level 4 in Axes
   595 | Ossuary  | Reached XP level 5. HP: 16/49 MP: 3/3
   595 | Ossuary  | Reached XP level 6. HP: 18/56 MP: 4/4
   997 | D:4      | Reached skill level 5 in Axes
  1023 | D:4      | Noticed Robin
  1039 | D:4      | Killed Robin
  1184 | D:4      | Reached XP level 7. HP: 46/64 MP: 4/4
  1321 | D:4      | Reached skill level 5 in Armour
  1463 | D:4      | Reached skill level 5 in Shields
  1543 | D:5      | Entered Level 5 of the Dungeon
  1611 | D:5      | Reached skill level 6 in Axes
  1845 | D:5      | Reached XP level 8. HP: 30/73 MP: 5/5
  1876 | D:5      | Found a staircase to the Ecumenical Temple.
  1882 | Temple   | Entered the Ecumenical Temple
  1979 | D:5      | Reached skill level 7 in Axes
  2289 | D:5      | Found a bloodstained altar of Trog.
  2326 | D:6      | Noticed Sigmund
  2343 | D:6      | Killed Sigmund
  2343 | D:6      | Reached skill level 5 in Fighting
  2382 | D:6      | Noticed Edmund
  2411 | D:6      | Killed Edmund
  2433 | D:6      | Found a blossoming altar of Fedhas.
  2446 | D:6      | Found a basalt altar of Yredelemnul.
  2455 | D:6      | Reached skill level 8 in Axes
  2721 | D:6      | Noticed Maggie
  2745 | D:6      | Killed Maggie
  2745 | D:6      | Gained mutation: You passively map the area around you.
                  | [Deep Dwarf growth]
  2745 | D:6      | Reached XP level 9. HP: 52/81 MP: 5/5
  2960 | D:6      | Found a burning altar of Makhleb.
  2967 | D:6      | Became a worshipper of Makhleb the Destroyer
  3177 | D:7      | Reached skill level 1 in Invocations
  3211 | D:7      | Reached skill level 9 in Axes
  3397 | D:7      | Reached * piety under Makhleb
  4292 | D:8      | Reached ** piety under Makhleb
  4299 | D:8      | Reached skill level 10 in Axes
  4299 | D:8      | Reached XP level 10. HP: 74/92 MP: 7/7
  4457 | D:8      | Found a glowing silver altar of Zin.
  4457 | D:8      | Found a sacrificial altar of Ru.
  4458 | D:8      | Found a snail-covered altar of Cheibriados.
  4598 | D:9      | Found a staircase to the Orcish Mines.
  4805 | D:9      | Found a staircase to the Lair.
  4922 | D:9      | Found a flagged portal.
  4946 | Bailey   | Entered a bailey
  5107 | Bailey   | Noticed an orc knight
  5108 | Bailey   | Noticed an orc knight
  5109 | Bailey   | Gained mutation: You possess an exceptional clarity of
                  | mind. [potion of mutation]
  5109 | Bailey   | Gained mutation: You passively map a large area around you.
                  | [potion of mutation]
  5109 | Bailey   | Lost mutation: You passively map a large area around you.
                  | [potion of mutation]
  5109 | Bailey   | Gained mutation: Your mind is acute. (Int +2) [potion of
                  | mutation]
  5115 | Bailey   | Slain by an orc

Levels and vault maps discovered:
D:1:      ncdulo_lavacross, layout_basic, minmay_tetromino_s4
D:2:      layout_rooms, uniq_natasha
D:3:      layout_loops_corners, ashenzari_altar_1, first_ration, uniq_jessica
D:4:      layout_loops_ring, nicolae_ossuary_entry_false_entrances, uniq_robin
D:5:      layout_basic, lemuel_coloured_pillars_altar, temple_green
D:6:      layout_loops_ring, yredelemnul_altar_generic, makhleb_grotto_becter,
          minmay_misc_feat_columns, nicolae_zen_rock_garden, fedhas_altar_1,
          uniq_maggie, uniq_sigmund, uniq_edmund
D:7:      layout_gridville
D:8:      layout_basic, gammafunk_temple_overflow_claw
D:9:      layout_gridville, david_lair_shrubbed, orc_0_dummy, enter_bailey_6,
          grunt_ogre_cave, onia_ninara_dug_in_and_dangerous
Temple:   eino_wide_crystal_templ
Bailey:   bailey_polearm_5, bailey

Skill      XL: |  1  2  3  4  5  6  7  8  9 10 |
---------------+-------------------------------+-----
Axes           | 3 4 5 6 8 10 | 10.4
Fighting       | 3 4 5 6 |  6.6
Armour         | 4 5 6 7 8 |  8.0
Shields        | 4 5 6 7 |  7.9
Invocations    | 3 4 |  4.6

Action                   |  1- 3 |  4- 6 |  7- 9 | 10-12 || total
-------------------------+-------+-------+-------+-------++-------
Melee: War axe           |    60 |   136 |   102 |       ||   298
       Broad axe         |       |       |   180 |    32 ||   212
       Hand axe          |       |       |   266 |    96 ||   362
 Abil: Heal Wounds       |     1 |     7 |     9 |     2 ||    19
  Use: Scroll            |       |    12 |     2 |       ||    14
       Potion            |       |       |       |     3 ||     3
  Eat: Chunk             |       |     2 |     9 |     3 ||    14
       Ration            |       |       |     1 |       ||     1
Armor: Scale mail        |     7 |       |       |       ||     7
       Plate armour      |    36 |    80 |   278 |   100 ||   494
Dodge: Dodged            |    12 |    20 |    80 |    63 ||   175
Block: Kite shield       |    27 |    74 |   274 |   141 ||   516

Table legend:
 A = Non-vault XP
 B = Vault XP
 C = Vault XP percentage of total XP
 D = Non-vault monster count
 E = Vault monster count
 F = Vault count percentage of total count
                 A         B        C        D         E       F
            +---------+---------+-------+---------+---------+-------
      Total |    5119 |    2031 |  28.4 |     149 |      70 |  32.0
            +---------+---------+-------+---------+---------+-------
        D:1 |      12 |       0 |   0.0 |       4 |       0 |   0.0
        D:2 |       4 |       0 |   0.0 |       2 |       0 |   0.0
        D:3 |      10 |       0 |   0.0 |       3 |       0 |   0.0
        D:4 |     536 |      38 |   6.6 |      30 |      13 |  30.2
        D:5 |     890 |       0 |   0.0 |      36 |       0 |   0.0
        D:6 |     591 |     802 |  57.6 |      14 |       4 |  22.2
        D:7 |    1185 |       0 |   0.0 |      32 |       0 |   0.0
        D:8 |    1348 |       0 |   0.0 |      23 |       0 |   0.0
        D:9 |     543 |     459 |  45.8 |       5 |       2 |  28.6
    Ossuary |       0 |     260 | 100.0 |       0 |      27 | 100.0
     Bailey |       0 |     472 | 100.0 |       0 |      24 | 100.0
            +---------+---------+-------+---------+---------+-------
